AoeStats
← Pwncakes

Arena

507068758Analyzed
2v2 RM · 17d ago on Sep 16, 2026· 15m 32s· 4 players
Game mode
Random Map
Map size
Medium (4 player)
Population
200
Speed
Normal
Resources
Standard
Victory
Conquest
Starting age
Dark Age
Ending age
Imperial Age
RankedLock teamsTeams togetherTeam positionsShared explorationLock speedFull tech treeHidden civsTurbo modeCheats
Victory
Defeat
🇲🇽 Cumans · Mexico
1543
+11
🇺🇸 Poles · United States
1333
+20
🇩🇪 Teutons · Germany
1430
-16
🇫🇷 Bohemians · France
1422
-15
vaeVictis
10:10 Feudal Age
14:36 Castle Age
13:09 Double-Bit Axe
14:17 Loom
A.H.
6:35 Loom
9:18 Feudal Age
VX | Evander
8:44 Feudal Age
9:19 Double-Bit Axe
9:47 Horse Collar
16:02 Wheelbarrow
Pwncakes
6:32 Loom
9:12 Feudal Age
12:25 Horse Collar
14:48 Wheelbarrow
Connection lost

Rejoining the realm…

Still unreachable

The connection could not be restored.

Session expired

The server has moved on; the page needs a fresh start.